 Dungeon Crawl Stone Soup version 0.17.1-3-g152610e (webtiles) character file.

940 seren the Covert (level 7, 0/47 HPs)
             Began as a Vampire Enchanter on Feb 25, 2016.
             Was a Follower of Kikubaaqudgha.
             Slain by an ogre
             ... wielding a cursed -2 giant spiked club
              (23 damage)
             ... on level 5 of the Dungeon.
             The game lasted 00:48:39 (7136 turns).

seren the Covert (Vampire Enchanter)                Turns: 7136, Time: 00:48:39

Health: 0/47       AC:  3    Str:  7    XL:     7   Next: 88%
Magic:  1/10       EV: 13    Int: 20    God:    Kikubaaqudgha [*.....]
Gold:   238        SH:  0    Dex: 14    Spells: 3 memorised, 4 levels left

rFire  . . .     SeeInvis +     f - +2 short sword (drain)
rCold  + + .     Clarity  .     b - +1 robe
rNeg   + + +     SustAt   .     (no shield)
rPois  +         Gourm    .     (no helmet)
rElec  .         Spirit   .     (no cloak)
rCorr  .         Warding  .     (no gloves)
rMut   .         Stasis   .     (no boots)
MR     .....                    l - amulet of rage
Stlth  +++++.....               (no ring)
                                (no ring)

@: very slightly contaminated, regenerating slowly, not resistant to hostile
enchantments, quite stealthy
A: fangs 3, see invisible, unbreathing
a: Bat Form, Receive Corpses, Renounce Religion, Evoke Berserk Rage


You were on level 5 of the Dungeon.
You worshipped Kikubaaqudgha.
Kikubaaqudgha was aware of your devotion.
You were near bloodless.

You visited 2 branches of the dungeon, and saw 7 of its levels.
You also visited: Sewer.

You collected 238 gold pieces.

Inventory:

Hand Weapons
 a - a +1 dagger
 f - a +2 short sword of draining (weapon)
 y - a +0 long sword
Missiles
 g - 199 stones (quivered)
Armour
 b - a +1 robe (worn)
Jewellery
 l - an amulet of rage (around neck)
 w - an uncursed amulet of resist corrosion
Scrolls
 h - 3 scrolls of identify
 k - 4 scrolls of remove curse
 m - 4 scrolls of random uselessness {unknown}
 o - 4 scrolls of teleportation
 p - 3 scrolls of recharging {unknown}
 q - 3 scrolls of enchant armour {unknown}
 s - a scroll of blinking {unknown}
Potions
 d - 10 potions of blood
 e - a potion of brilliance
 i - 2 potions of haste
 j - a potion of might
 r - 2 potions of invisibility
 t - 2 potions of resistance
 u - 2 potions of mutation {unknown}
 v - 2 potions of poison {unknown}
 x - a potion of cancellation {unknown}
 z - 2 potions of curing
 A - a potion of flight
Books
 c - a book of Maledictions

   Spells                             Type                      Level
   a - Corona                         Hexes                        1
   b - Ensorcelled Hibernation        Hexes/Ice                    2
   c - Confuse                        Hexes                        3
   d - Tukima's Dance                 Hexes                        3
   e - Dazzling Spray                 Conjuration/Hexes            3
 n - Kikubaaqudgha's Compendium of Necromancy
   (Kikubaaqudgha gifted it to you in a sewer)

   Spells                             Type                      Level
   a - Animate Skeleton               Necromancy                   1
   b - Corpse Rot                     Necromancy                   2
   c - Sublimation of Blood           Necromancy                   2
   d - Regeneration                   Charms/Necromancy            3
   e - Control Undead                 Necromancy                   4


   Skills:
 + Level 0.6 Fighting
 + Level 5.5 Short Blades
 * Level 2.5 Dodging
 + Level 9.0 Stealth
 + Level 2.0 Spellcasting
 + Level 8.7 Hexes
 * Level 0.2 Necromancy
 - Level 0.2 Ice Magic


You had 4 spell levels left.
You knew the following spells:

 Your Spells              Type           Power        Failure   Level  Hunger
a - Corona                Hex            #####..      1%          1    #......
b - Ensorcelled Hibernat  Hex/Ice        ###...       4%          2    ##.....
c - Confuse               Hex            #####...     1%          3    ###....


Dungeon Overview and Level Annotations

Branches:
Dungeon (6/15)             Temple (1/1) D:4

Altars:
Ashenzari
Cheibriados
Dithmenos
Elyvilon
Kikubaaqudgha
Makhleb
Nemelex Xobeh
Okawaru
Qazlal
Ru
Sif Muna
Trog
Vehumet
Xom
Yredelemnul
Zin
The Shining One

Annotations:
D:2 Sigmund


Innate Abilities, Weirdness & Mutations

You heal slowly.
You have razor-sharp teeth.
You have supernaturally acute eyesight.
You can survive without breathing.


Message History

One of your 11 potions of blood rots away.
Casting: Ensorcelled Hibernation
Confirm with . or Enter, or press ? or * to list all spells.
Aiming: Ensorcelled Hibernation
Press: ? - help, Shift-Dir - straight line, f/p - ogre
Aim: an ogre, wielding a giant spiked club (moderately wounded, lightly drained, chance to defeat MR: 50%)
The ogre resists with some effort.
You hit the ogre. You drain the ogre!
The ogre is heavily wounded.
The ogre misses you.
Drink which item? (? for menu, Esc to quit)
You feel better.
You hit the ogre.
The ogre is severely wounded.
The ogre closely misses you.
You hit the ogre.
The ogre is almost dead.
The ogre hits you with a giant spiked club!!
You die...
Kikubaaqudgha rasps: "You have failed me!
Welcome... oblivion!"

...####...##..#.#.#
...######.#*#.#.#.#######
...'....#.###.#.#.......#
...####.#.....#.#######.#
..#####.####....#####.#.#
................#.....#.#
....###.####....#.###.#.#
....###.####..#.#.#.#.#.#
............>..O@.#...#.#
....###.####.##.#...###.#
....##*,*#......#.....#.#
.....#*,*#.......#.#.##.#
.....#*,*#..............#
≈≈...#*,*#.%.....#.#.####
≈≈≈..#*,*#.........#.#
.≈≈..##,*#.........#.#
≈≈≈...#.##......#....#


You could see an ogre.

Vanquished Creatures
  A phantom (D:4)
  2 ogres (D:4)
  5 killer bees (D:3)
  An orc priest (D:4)
  Jessica (D:3)
  4 orc wizards
  2 worker ants (D:4)
  A hound skeleton (D:4)
  3 gnolls (D:4)
  A worker ant zombie (D:5)
  A river rat (D:5)
  6 adders
  5 oozes
  3 worms (Sewer)
  3 giant geckos
  13 orcs
  7 bats
  10 giant cockroaches
  14 hobgoblins
  17 jackals
  7 kobolds (D:1)
  A quokka (D:2)
  3 ball pythons
  7 giant newts
  3 goblins
  9 rats
130 creatures vanquished.

Notes
Turn   | Place    | Note
--------------------------------------------------------------
     0 | D:1      | seren the Vampire Enchanter began the quest for the Orb.
     0 | D:1      | Reached XP level 1. HP: 13/13 MP: 3/3
   227 | D:1      | Reached skill level 5 in Stealth
   300 | D:1      | Reached XP level 2. HP: 16/19 MP: 5/5
   401 | D:1      | Learned a level 2 spell: Ensorcelled Hibernation
   603 | D:1      | You fall through a shaft!
   726 | D:2      | Reached skill level 5 in Hexes
  1046 | D:2      | Reached XP level 3. HP: 25/25 MP: 6/6
  1138 | D:2      | Noticed Sigmund
  2156 | D:2      | Reached XP level 4. HP: 28/31 MP: 7/7
  2283 | D:2      | Reached skill level 6 in Stealth
  2483 | D:3      | Noticed Jessica
  2486 | D:3      | Killed Jessica
  2550 | D:3      | Noticed a killer bee
  2550 | D:3      | Noticed a killer bee
  2550 | D:3      | Noticed a killer bee
  2556 | D:3      | Killed a killer bee
  2556 | D:3      | Reached XP level 5. HP: 36/36 MP: 5/8
  2587 | D:3      | Noticed a killer bee
  2614 | D:3      | Noticed a killer bee
  2948 | D:3      | Killed a killer bee
  3125 | D:3      | Killed a killer bee
  3158 | D:3      | Killed a killer bee
  3158 | D:3      | Reached skill level 7 in Stealth
  3158 | D:3      | Reached XP level 6. HP: 42/42 MP: 6/9
  3521 | D:3      | Found a shadowy altar of Dithmenos.
  3831 | D:3      | Killed a killer bee
  3895 | D:3      | Found a white marble altar of Elyvilon.
  4103 | D:3      | Found a bloodstained altar of Trog.
  4326 | D:4      | Found a staircase to the Ecumenical Temple.
  4335 | Temple   | Entered the Ecumenical Temple
  4348 | Temple   | Became a worshipper of Kikubaaqudgha
  4589 | D:4      | Found a stormy altar of Qazlal.
  4936 | D:3      | Learned a level 3 spell: Confuse
  4953 | D:4      | Reached skill level 8 in Stealth
  4953 | D:4      | Reached XP level 7. HP: 47/47 MP: 7/10
  5217 | D:4      | Reached skill level 5 in Short Blades
  5281 | D:3      | Found a burning altar of Makhleb.
  5985 | D:5      | Entered Level 5 of the Dungeon
  6014 | D:5      | Found a glowing drain.
  6103 | D:5      | Reached skill level 9 in Stealth
  6212 | Sewer    | Entered a sewer
  6308 | Sewer    | Reached * piety under Kikubaaqudgha
  6308 | Sewer    | Received a gift from Kikubaaqudgha
  6309 | Sewer    | Identified Kikubaaqudgha's Compendium of Necromancy (Kikubaaqudgha gifted it to you in a sewer)
  7136 | D:5      | Slain by an ogre

Action                   |  1- 3 |  4- 6 |  7- 9 || total
-------------------------+-------+-------+-------++-------
Melee: Short sword       |    90 |    68 |    82 ||   240
Throw: Stone             |     2 |       |       ||     2
 Cast: Ensorcelled Hiber |    22 |    28 |    39 ||    89
       Corona            |     1 |       |       ||     1
       Confuse           |       |     1 |     3 ||     4
  Use: Scroll            |     2 |     5 |     7 ||    14
       Potion            |       |     2 |     4 ||     6
 Stab: Sleeping          |    26 |    30 |    35 ||    91
       Distracted        |     1 |       |       ||     1
       Confused          |       |     1 |     1 ||     2
